MLB
SAN DIEGO PADRES @ COLORADO ROCKIES
08/17/2044
 
TOP OF THE 1ST
San Diego Padres batting - Pitching for Colorado Rockies : LHP Marquise Barretti
Pitching: LHP Marquise Barretti
Batting: LHB Per Meulengracht 0-0: Called Strike
0-1: Foul Ball, location: 2F
0-2: Ball
1-2: Ground out 3-1 (Groundball, 34, EV 103.8 MPH)
Batting: RHB Cesar Breceda 0-0: Foul Ball, location: 2F
0-1: SINGLE (Groundball, 25, EV 63.1 MPH) (infield hit)
Batting: LHB Kevin Bellman 0-0: Called Strike
0-1: SINGLE (Line Drive, 6MD, EV 95.0 MPH)
Cesar Breceda to second
Batting: SHB Jerry Luckwell 0-0: Ball
1-0: Ball
2-0: Ball
3-0: Base on Balls
Cesar Breceda to third
Kevin Bellman to second
Batting: RHB Alois Wollf 0-0: Fly out, F7 (Flyball, 7, EV 95.0 MPH)
Runner from 3rd tags up, SCORES, no throw by LF
Batting: RHB Chiel Palstermans 0-0: Ball
1-0: Ball
2-0: Called Strike
2-1: Fielders Choice at 2nd, 6-4 (Groundball, 56D, EV 81.9 MPH)
Top of the 1st over - 1 run, 2 hits, 0 errors, 2 left on base; San Diego 1 - Colorado 0
BOTTOM OF THE 1ST
Colorado Rockies batting - Pitching for San Diego Padres : RHP Adam Thompson
Pitching: RHP Adam Thompson
Batting: RHB Joel Haycock 0-0: Swinging Strike
0-1: Foul Ball, location: 2F
0-2: Strikes out swinging
Batting: RHB Chad Thompson 0-0: Called Strike
0-1: Ball
1-1: Ball
2-1: Ball
3-1: Foul Ball, location: 2F
3-2: Strikes out swinging
Batting: LHB Fabiano Perrolas 0-0: Ball
1-0: Swinging Strike
1-1: Ball
2-1: DOUBLE (Groundball, 3L, EV 104.4 MPH)
Batting: RHB Jason Andrews 0-0: Ball
1-0: SINGLE (Groundball, 6S, EV 73.8 MPH) (infield hit)
Fabiano Perrolas to third
Batting: SHB Chris Blue 0-0: Ball
1-0: Ball
Jason Andrews steals 2nd base
2-0: Ball
3-0: Fly out, F9 (Line Drive, 89M, EV 90.6 MPH)
Bottom of the 1st over - 0 runs, 2 hits, 0 errors, 2 left on base; San Diego 1 - Colorado 0
TOP OF THE 2ND
San Diego Padres batting - Pitching for Colorado Rockies : LHP Marquise Barretti
Batting: LHB Xavier Pittman 0-0: Ball
1-0: Ball
2-0: Foul Ball, location: 2F
2-1: Foul Ball, location: 2F
2-2: Ball
3-2: Fly out, F7 (Flyball, 7, EV 97.5 MPH)
Batting: RHB Carlos Reyes 0-0: Called Strike
0-1: SINGLE (Groundball, 4M, EV 98.8 MPH) (infield hit)
Batting: LHB Andy Bowman 0-0: Swinging Strike
0-1: Ball
1-1: Ball
2-1: Fielders Choice at 2nd, 5-4 (Groundball, 5, EV 88.8 MPH)
Batting: LHB Per Meulengracht 0-0: Ball
1-0: Ball
2-0: Foul Ball, location: 2F
2-1: Called Strike
2-2: Strikes out swinging
Top of the 2nd over - 0 runs, 1 hit, 0 errors, 1 left on base; San Diego 1 - Colorado 0
BOTTOM OF THE 2ND
Colorado Rockies batting - Pitching for San Diego Padres : RHP Adam Thompson
Batting: RHB Rico Coss 0-0: Called Strike
0-1: TRIPLE (Flyball, 89XD, EV 92.5 MPH)
Batting: LHB Robert Watson 0-0: Ball
1-0: Ball
2-0: Fly out, F3 (Flyball, 3D, EV 85.0 MPH)
Batting: RHB Leo Mair 0-0: Ball
1-0: Ball
2-0: Foul Ball, location: 2F
2-1: Foul Ball, location: 2F
2-2: Ball
3-2: DOUBLE (Line Drive, 8LXD, EV 101.9 MPH)
Rico Coss scores
Batting: RHB Stephen Charbonneau 0-0: Called Strike
0-1: Ball
1-1: Ball
2-1: Ball
3-1: Foul Ball, location: 2F
3-2: Strikes out swinging
Batting: RHB Joel Haycock 0-0: Called Strike
0-1: 2-RUN HOME RUN (Line Drive, 7D, EV 97.5 MPH), Distance : 385 ft
Batting: RHB Chad Thompson 0-0: Ball
1-0: Foul Ball, location: 2F
1-1: Foul Ball, location: 2F
1-2: Strikes out swinging
Bottom of the 2nd over - 3 runs, 3 hits, 0 errors, 0 left on base; San Diego 1 - Colorado 3
TOP OF THE 3RD
San Diego Padres batting - Pitching for Colorado Rockies : LHP Marquise Barretti
Batting: RHB Cesar Breceda 0-0: Foul Ball, location: 2F
0-1: Foul Ball, location: 2F
0-2: Strikes out swinging
Batting: LHB Kevin Bellman 0-0: Called Strike
0-1: Ball
1-1: Ball
2-1: Ground out U3 (Groundball, 3, EV 83.1 MPH)
Batting: SHB Jerry Luckwell 0-0: Called Strike
0-1: Ball
1-1: Ball
2-1: Foul Ball, location: 2F
2-2: Ball
3-2: Single, Error in OF, E8, batter to second base (Line Drive, 4D, EV 96.9 MPH)
Batting: RHB Alois Wollf 0-0: Ball
1-0: Swinging Strike
1-1: Foul Ball, location: 2F
1-2: Strikes out swinging
Top of the 3rd over - 0 runs, 1 hit, 1 error, 1 left on base; San Diego 1 - Colorado 3
BOTTOM OF THE 3RD
Colorado Rockies batting - Pitching for San Diego Padres : RHP Adam Thompson
Batting: LHB Fabiano Perrolas 0-0: Called Strike
0-1: Ball
1-1: Called Strike
1-2: Strikes out looking
Batting: RHB Jason Andrews 0-0: Called Strike
0-1: Ball
1-1: Called Strike
1-2: Ball
2-2: SOLO HOME RUN (Flyball, 7LD, EV 97.5 MPH), Distance : 373 ft
Batting: SHB Chris Blue 0-0: Swinging Strike
0-1: Swinging Strike
0-2: Strikes out swinging
Batting: RHB Rico Coss 0-0: SINGLE (Groundball, 25, EV 73.8 MPH) (infield hit)
Batting: LHB Robert Watson 0-0: Ball
1-0: Ball
2-0: Called Strike
2-1: Swinging Strike
2-2: Ball
3-2: Foul Ball, location: 2F
3-2: Foul Ball, location: 2F
3-2: Strikes out looking
Bottom of the 3rd over - 1 run, 2 hits, 0 errors, 1 left on base; San Diego 1 - Colorado 4
TOP OF THE 4TH
San Diego Padres batting - Pitching for Colorado Rockies : LHP Marquise Barretti
Batting: RHB Chiel Palstermans 0-0: Ball
1-0: Ball
2-0: Ball
3-0: Called Strike
3-1: Base on Balls
Batting: LHB Xavier Pittman 0-0: Ball
1-0: Ball
2-0: Fly out, F8 (Line Drive, 8RD, EV 97.5 MPH)
Batting: RHB Carlos Reyes 0-0: Ball
1-0: Ball
2-0: Swinging Strike
2-1: Foul Ball, location: 2F
2-2: Foul Ball, location: 2F
2-2: SINGLE (Flyball, 8LS, EV 88.8 MPH)
Chiel Palstermans to second
Batting: LHB Andy Bowman 0-0: Fielders Choice at 2nd, 3-6 (Groundball, 34, EV 85.6 MPH)
Chiel Palstermans to third
Batting: LHB Per Meulengracht 0-0: Foul Ball, location: 2F
0-1: DOUBLE (Flyball, 78D, EV 95.6 MPH)
Chiel Palstermans scores
Andy Bowman to third
Runner from 3rd tries for Home, throw by CF and OUT! 8-6-2
Top of the 4th over - 1 run, 2 hits, 0 errors, 1 left on base; San Diego 2 - Colorado 4
BOTTOM OF THE 4TH
Colorado Rockies batting - Pitching for San Diego Padres : RHP Adam Thompson
Batting: RHB Leo Mair 0-0: Foul Ball, location: 2F
0-1: Fly out, F8 (Flyball, 8RXD, EV 82.5 MPH)
Batting: RHB Stephen Charbonneau 0-0: Foul Ball, location: 2F
0-1: Foul Ball, location: 2F
0-2: Strikes out swinging
Batting: RHB Joel Haycock 0-0: Ball
1-0: Called Strike
1-1: Ball
2-1: Foul Ball, location: 2F
2-2: SINGLE (Groundball, 56D, EV 106.3 MPH)
Batting: RHB Chad Thompson 0-0: DOUBLE (Groundball, 5L, EV 103.8 MPH)
Joel Haycock to third
Runner from 3rd tries for Home, SAFE, throw by LF to trailing runner, SAFE at third!
Batting: LHB Fabiano Perrolas 0-0: Ground out 4-3 (Groundball, 34, EV 85.6 MPH)
Bottom of the 4th over - 1 run, 2 hits, 0 errors, 1 left on base; San Diego 2 - Colorado 5
TOP OF THE 5TH
San Diego Padres batting - Pitching for Colorado Rockies : LHP Marquise Barretti
Batting: RHB Cesar Breceda 0-0: Foul Ball, location: 2F
0-1: Swinging Strike
0-2: Ball
1-2: Ball
2-2: Strikes out swinging
Batting: LHB Kevin Bellman 0-0: Ball
1-0: Foul Ball, location: 2F
1-1: DOUBLE (Line Drive, 9LM, EV 110.6 MPH)
Batting: SHB Jerry Luckwell 0-0: Called Strike
0-1: Ball
1-1: Swinging Strike
1-2: Strikes out looking
Batting: RHB Alois Wollf 0-0: Ball
1-0: Ball
2-0: Ball
3-0: Base on Balls
Batting: RHB Chiel Palstermans 0-0: Ball
1-0: Ball
2-0: Called Strike
2-1: SINGLE (Groundball, 56D, EV 103.8 MPH)
Kevin Bellman to third
Alois Wollf to second
Runner from 3rd tries for Home, SAFE, throw by LF to home
Batting: LHB Xavier Pittman 0-0: Ball
1-0: Ground out 4-3 (Groundball, 4D, EV 83.1 MPH)
Top of the 5th over - 1 run, 2 hits, 0 errors, 2 left on base; San Diego 3 - Colorado 5
BOTTOM OF THE 5TH
Colorado Rockies batting - Pitching for San Diego Padres : RHP Adam Thompson
Batting: RHB Jason Andrews 0-0: Ground out 6-3 (Groundball, 15, EV 85.0 MPH)
Batting: SHB Chris Blue 0-0: Ball
1-0: Called Strike
1-1: Ball
2-1: SINGLE (Line Drive, 7LS, EV 87.5 MPH)
Batting: RHB Rico Coss 0-0: Foul Ball, location: 2F
0-1: Grounds into double play, 6-4-3 (Groundball, 6, EV 90.6 MPH)
Bottom of the 5th over - 0 runs, 1 hit, 0 errors, 0 left on base; San Diego 3 - Colorado 5
TOP OF THE 6TH
San Diego Padres batting - Pitching for Colorado Rockies : LHP Marquise Barretti
Batting: RHB Carlos Reyes 0-0: Ball
1-0: Foul Ball, location: 2F
1-1: Swinging Strike
1-2: Ball
2-2: Foul Ball, location: 2F
2-2: Foul Ball, location: 2F
2-2: Strikes out looking
Pitching: LHP Ryan Fulford
Batting: LHB Andy Bowman 0-0: Ball
1-0: Foul Ball, location: 2F
1-1: SINGLE (Groundball, 4D, EV 105.6 MPH)
Batting: LHB Per Meulengracht 0-0: Ball
1-0: Grounds into double play, 5-4-3 (Groundball, 56, EV 105.6 MPH)
Top of the 6th over - 0 runs, 1 hit, 0 errors, 0 left on base; San Diego 3 - Colorado 5
BOTTOM OF THE 6TH
Colorado Rockies batting - Pitching for San Diego Padres : RHP Adam Thompson
Batting: LHB Robert Watson 0-0: SINGLE (Groundball, 3S, EV 70.0 MPH) (infield hit)
Batting: RHB Leo Mair 0-0: Called Strike
0-1: Foul Ball, location: 2F
0-2: Strikes out swinging
Batting: RHB Stephen Charbonneau 0-0: Ball
1-0: Ball
2-0: Foul Ball, location: 2F
2-1: Foul Ball, location: 2F
2-2: Ball
3-2: Strikes out swinging
Batting: RHB Joel Haycock 0-0: Ball
1-0: Called Strike
1-1: Ball
2-1: DOUBLE (Groundball, 3L, EV 101.9 MPH)
Robert Watson to third
Batting: RHB Chad Thompson 0-0: Ball
1-0: Fly out, F5 (Popup, 56S, EV 69.4 MPH)
Bottom of the 6th over - 0 runs, 2 hits, 0 errors, 2 left on base; San Diego 3 - Colorado 5
TOP OF THE 7TH
San Diego Padres batting - Pitching for Colorado Rockies : LHP Ryan Fulford
Batting: RHB Cesar Breceda 0-0: Ball
1-0: Called Strike
1-1: Foul Ball, location: 2F
1-2: Ball
2-2: Foul Ball, location: 2F
2-2: Foul Ball, location: 2F
2-2: SOLO HOME RUN (Flyball, 7LD, EV 96.3 MPH), Distance : 368 ft
Batting: LHB Kevin Bellman 0-0: Called Strike
0-1: Ball
1-1: SINGLE (Groundball, P, EV 85.0 MPH) (infield hit)
Batting: SHB Jerry Luckwell 0-0: Called Strike
0-1: Ball
1-1: Foul Ball, location: 2F
1-2: Ball
2-2: Ball
3-2: DOUBLE (Line Drive, 78XD, EV 107.5 MPH)
Kevin Bellman to third
Runner from 3rd tries for Home, SAFE, no throw by LF
Pitching: RHP Oscar Munoz
Pinch Hitting: LHB Mike Holt 0-0: Ball
1-0: Foul Ball, location: 2F
1-1: Ball
2-1: Ball
3-1: Called Strike
3-2: SINGLE (Groundball, 34D, EV 105.0 MPH)
Jerry Luckwell to third
Runner from 3rd tries for Home, SAFE, throw by RF to home
Batting: RHB Chiel Palstermans 0-0: Ball
1-0: Bunted foul
1-1: Sac Bunt to 13S - play at first, batter OUT! 1-4
Mike Holt to second
Batting: LHB Xavier Pittman 0-0: Intentional Walk
Batting: RHB Carlos Reyes 0-0: Ball
1-0: 3-RUN HOME RUN (Flyball, 7D, EV 97.5 MPH), Distance : 386 ft
Pitching: RHP Mike Mik
Batting: LHB Andy Bowman 0-0: Ball
1-0: Called Strike
1-1: Ground out 4-3 (Groundball, 4, EV 88.8 MPH)
Batting: LHB Per Meulengracht 0-0: Ball
1-0: Fly out, F6 (Flyball, 6D, EV 78.8 MPH)
Top of the 7th over - 6 runs, 5 hits, 0 errors, 0 left on base; San Diego 9 - Colorado 5
BOTTOM OF THE 7TH
Colorado Rockies batting - Pitching for San Diego Padres : RHP Adam Thompson
Pitching: LHP Jason Breeden
Now at 1B: Per Meulengracht
Now at 2B: Kevin Bellman
Now at 3B: Jerry Luckwell
Now in CF: Mike Holt
Now in RF: Andy Bowman
Batting: LHB Fabiano Perrolas 0-0: Swinging Strike
0-1: Ball
1-1: Ball
2-1: Swinging Strike
2-2: Foul Ball, location: 2F
2-2: Ball
3-2: Strikes out swinging
Batting: RHB Jason Andrews 0-0: Swinging Strike
0-1: Swinging Strike
0-2: Fly out, F7 (Flyball, 78S, EV 87.5 MPH)
Batting: SHB Chris Blue 0-0: Foul Ball, location: 2F
0-1: Ball
1-1: Ball
2-1: Foul Ball, location: 2F
2-2: Ball
3-2: Ground out 5-3 (Groundball, 56, EV 101.9 MPH)
Bottom of the 7th over - 0 runs, 0 hits, 0 errors, 0 left on base; San Diego 9 - Colorado 5
TOP OF THE 8TH
San Diego Padres batting - Pitching for Colorado Rockies : RHP Mike Mik
Batting: RHB Cesar Breceda 0-0: Called Strike
0-1: SINGLE (Line Drive, 7S, EV 107.5 MPH)
Batting: LHB Kevin Bellman 0-0: Grounds into double play, 4-6-3 (Groundball, 4, EV 84.4 MPH)
Batting: SHB Jerry Luckwell 0-0: Called Strike
0-1: Swinging Strike
0-2: Ball
1-2: Ball
2-2: Ball
3-2: TRIPLE (Flyball, 89XD, EV 106.3 MPH)
Batting: LHB Mike Holt 0-0: Called Strike
0-1: Foul Ball, location: 2F
0-2: Ball
1-2: Ball
2-2: Foul Ball, location: 2F
2-2: Ball
3-2: Foul Ball, location: 2F
3-2: Foul Ball, location: 2F
3-2: Strikes out swinging
Top of the 8th over - 0 runs, 2 hits, 0 errors, 1 left on base; San Diego 9 - Colorado 5
BOTTOM OF THE 8TH
Colorado Rockies batting - Pitching for San Diego Padres : LHP Jason Breeden
Batting: RHB Rico Coss 0-0: SOLO HOME RUN (Flyball, 7D, EV 101.3 MPH), Distance : 389 ft
Pitching: RHP Raul Almonte
Batting: LHB Robert Watson 0-0: Bunted foul
0-1: Swinging Strike
0-2: Strikes out swinging
Batting: RHB Leo Mair 0-0: Ball
1-0: Ball
2-0: SINGLE (Groundball, 25, EV 76.9 MPH) (infield hit)
Batting: RHB Stephen Charbonneau 0-0: Ball
1-0: Called Strike
1-1: Swinging Strike
1-2: Strikes out swinging
Batting: RHB Joel Haycock 0-0: Called Strike
0-1: Ball
1-1: Ball
2-1: Swinging Strike
2-2: Strikes out swinging
Bottom of the 8th over - 1 run, 2 hits, 0 errors, 1 left on base; San Diego 9 - Colorado 6
TOP OF THE 9TH
San Diego Padres batting - Pitching for Colorado Rockies : RHP Mike Mik
Pitching: LHP Mario Castro
Batting: RHB Chiel Palstermans 0-0: Ball
1-0: Ball
2-0: Called Strike
2-1: SINGLE (Groundball, 6MD, EV 98.8 MPH)
Batting: LHB Xavier Pittman 0-0: Ball
1-0: Ball
2-0: Foul Ball, location: 2F
2-1: SINGLE (Line Drive, 9LS, EV 90.0 MPH)
Chiel Palstermans to second
Runner from 2nd tries for 3rd, SAFE, throw by RF made to third
Batting: RHB Carlos Reyes 0-0: Ball
1-0: Called Strike
1-1: Called Strike
1-2: Ball
2-2: Ball
3-2: Strikes out looking
Batting: LHB Andy Bowman 0-0: Called Strike
0-1: Foul Ball, location: 2F
0-2: Ball
1-2: Foul Ball, location: 2F
1-2: Foul Ball, location: 2F
1-2: Ball
2-2: Ball
3-2: Foul Ball, location: 2F
3-2: Ground out 5-3 (Groundball, 5S, EV 69.4 MPH)
Chiel Palstermans scores
Xavier Pittman to second
Batting: LHB Per Meulengracht 0-0: Ball
1-0: Foul Ball, location: 2F
1-1: Ground out 6-3 (Groundball, 6, EV 88.1 MPH)
Top of the 9th over - 1 run, 2 hits, 0 errors, 1 left on base; San Diego 10 - Colorado 6
BOTTOM OF THE 9TH
Colorado Rockies batting - Pitching for San Diego Padres : RHP Raul Almonte
Batting: RHB Chad Thompson 0-0: Ball
1-0: Ball
2-0: Ball
3-0: Called Strike
3-1: Called Strike
3-2: Foul Ball, location: 2F
3-2: Strikes out swinging
Batting: LHB Fabiano Perrolas 0-0: Ball
1-0: Called Strike
1-1: Foul Ball, location: 2F
1-2: DOUBLE (Line Drive, 7LS, EV 88.1 MPH)
Batting: RHB Jason Andrews 0-0: Foul Ball, location: 2F
0-1: Ball
1-1: Foul Ball, location: 2F
1-2: Ball
2-2: Strikes out swinging
Pitching: RHP Jack Overbeek
Batting: SHB Chris Blue 0-0: Ball
1-0: Swinging Strike
1-1: Ground out 4-3 (Groundball, 4, EV 88.1 MPH)
Bottom of the 9th over - 0 runs, 1 hit, 0 errors, 1 left on base; San Diego 10 - Colorado 6
Thursday, March 31st , 2022 - OOTP Baseball 22.12 Build 89